 Dungeon Crawl Stone Soup version 0.30-a0-1157-g2cc9ac7196 (webtiles) character file.

Game seed: 17866054685286009895

15132 juan097 the Gouger (level 10, -12/47 HPs)
             Began as a Felid Transmuter on Apr 24, 2023.
             Was a High Priest of Ru.
             Mangled by a two-headed ogre
             ... wielding a +0 giant club
              (16 damage)
             ... on level 11 of the Dungeon.
             The game lasted 01:19:50 (16745 turns).

juan097 the Gouger (Felid Transmuter)              Turns: 16745, Time: 01:19:51

Health: -12/47     AC:  6    Str:  8    XL:     10   Next: 97%
Magic:  15/17      EV: 28    Int: 13    God:    Ru [*****.]
Gold:   919        SH:  0    Dex: 27    Spells: 7/18 levels left
                                        Lives:  0   Deaths: 3

rFire   . .          .
                       - Unarmed
rCold   . . .        (shield unavailable)
rNeg    . . .        (body armour unavailable)
rPois   .            (helmet unavailable)
rElec   .            (cloak unavailable)
rCorr   .            (gloves unavailable)
SInv    +            (boots unavailable)
Will    +....        d - amulet "Otupliru" {Regen+ Str+2}
Stlth   ++++         x - +6 ring of dexterity
HPRegen 1.07/turn    g - +4 ring of protection {=R}
MPRegen 0.15/turn

%: no passive effects
@: wereblooded (expiring), horrified, quick
A: very small, claws 1, fangs 3, see invisible, dopey 1, speed 1, shaggy fur 2,
hated by all, cowardly, unskilled 1, inexperienced 1, stealthy paws, no weapons
or thrown items, no armour, multi-lived
a: Renounce Religion, Draw Out Power, Power Leap, Apocalypse


You were on level 11 of the Dungeon.
You worshipped Ru.
Ru was extremely pleased with you.
You visited 4 branches of the dungeon, and saw 16 of its levels.
You also visited: Bailey.

You collected 1172 gold pieces.
You spent 253 gold pieces at shops.

Inventory:

Jewellery
 d - the amulet "Otupliru" (around neck) {Regen+ Str+2}
   (You acquired it on level 9 of the Dungeon)

   [amulet of regeneration]

   Str:       It affects your strength (+2).
   Regen:     It increases your rate of health regeneration.
 g - a +4 ring of protection (right paw) {=R}
 w - a ring of positive energy
 x - a +6 ring of dexterity (left paw)
 E - a ring of fire
Wands
 u - a wand of roots (20)
 v - a wand of digging (5)
 A - a wand of mindburst (28)
 D - a wand of polymorph (5)
 H - a wand of flame (14)
Scrolls
 e - 5 scrolls of fear
 f - a scroll of torment
 h - a scroll of summoning {unknown}
 m - a scroll of magic mapping {unknown}
 n - 2 scrolls of fog
 p - 6 scrolls of teleportation
 q - 2 scrolls of blinking
 s - 2 scrolls of amnesia {unknown}
 y - 2 scrolls of vulnerability
 C - a scroll of poison
 F - 4 scrolls of immolation {unknown}
Potions
 a - 3 potions of lignification
 b - 2 potions of mutation
 c - a potion of invisibility
 i - 3 potions of attraction {unknown}
 j - 5 potions of degeneration {unknown}
 k - 2 potions of cancellation {unknown}
 l - a potion of brilliance {unknown}
 o - 2 potions of haste
 t - 2 potions of might
 z - 6 potions of heal wounds {unknown}
 B - a potion of ambrosia {unknown}
 G - 2 potions of curing
 I - a potion of flight {unknown}
Miscellaneous
 r - a phial of floods


   Skills:
 + Level 7.4 Fighting
 + Level 9.9 Dodging
 - Level 7.2 Stealth
 + Level 10.4 Unarmed Combat
 + Level 4.6 Spellcasting
 + Level 9.1 Transmutations
 + Level 5.4 Ice Magic
 - Level 2.6 Poison Magic
 - Level 4.5 Evocations


You had 7 spell levels left.
You knew the following spells:

 Your Spells              Type           Power      Damage    Failure   Level
a - Beastly Appendage     Tmut           40%        N/A       1%          1
b - Wereblood             Tmut           20%        N/A       1%          2
c - Spider Form           Tmut/Pois      14%        N/A       5%          3
d - Ice Form              Ice/Tmut       16%        N/A       10%         4
e - Sting                 Tmut/Pois      56%        1d5       1%          1

Your spell library contained the following spells:

 Spells                   Type           Power      Damage    Failure   Level
 Freeze                   Ice            52%        1d6       2%          1
 Frozen Ramparts          Ice            26%        1d4       6%          3
 Blade Hands              Tmut           10%        N/A       13%         5
 Poisonous Vapours        Pois/Air       8%         N/A       17%         2
 Hailstorm                Conj/Ice       7%         3d4       19%         3
 Apportation              Tloc           4%         N/A       21%         1
 Shock                    Conj/Air       8%         1d3       21%         1
 Alistair's Intoxication  Tmut/Pois      9%         N/A       43%         5
 Olgreb's Toxic Radiance  Pois           7%         N/A       54%         4
 Portal Projectile        Hex/Tloc       Unusable   N/A       N/A         3
 Tukima's Dance           Hex            Unusable   N/A       N/A         3

Dungeon Overview and Level Annotations

Branches:
Dungeon (12/15)            Temple (1/1) D:4            Lair (1/5) D:9
    Orc (2/2) D:11            Elf (0/3) Orc:2        Bailey (visited)

Altars:
Ashenzari
Cheibriados
Dithmenos
Elyvilon
Gozag
Kikubaaqudgha
Makhleb
Nemelex Xobeh
Okawaru
Qazlal
Ru
Sif Muna
Trog
Uskayaw
Vehumet
Wu Jian
Xom
Zin
The Shining One

Shops:
D:1 [   D:6 :   Orc:2 (!*

Annotations:
D:10 Snorg
Orc:2 3 runed translucent doors, Xak's ghost, journeyman MiBe


Innate Abilities, Weirdness & Mutations

You have sharp claws.
You have razor-sharp teeth.
You have supernaturally acute eyesight. (SInv)
You are dopey. (Int -2)
You cover ground quickly. (Speed+)
You are covered in thick fur. (AC +2)
You are hated by all.
Your cowardice makes you less effective in combat with threatening foes.
You are somewhat unskilled. (-1 Apt)
You are somewhat inexperienced. (-1 XL)
Your paws help you pounce on unaware monsters.
You are incapable of wielding weapons or throwing items.
You cannot wear armour.
You gain extra lives every three experience levels.


Message History

You redirect the orc wizard's attack!
The two-headed ogre looks more healthy.
The two-headed ogre misses you. x2
You climb upwards.
There is a stone staircase leading down here.
You closely miss the orc wizard.
The orc wizard hits you but does no damage.
You howl as the wereblood boils in your veins!
The orc wizard gestures at you while chanting.
The puff of flame hits you.
You scratch the two-headed ogre.
The two-headed ogre is lightly wounded.
You howl as the wereblood boils in your veins!
The two-headed ogre barely misses you.
The two-headed ogre completely misses you.
You closely miss the orc wizard. You bite the orc wizard.
The orc wizard is lightly wounded.
You feel a twist of horror at the sight of this foe.
You scratch the two-headed ogre.
The two-headed ogre is lightly wounded.
You scratch the two-headed ogre but do no damage.
Your bite misses the two-headed ogre.
The two-headed ogre is lightly wounded.
You claw the two-headed ogre!
The two-headed ogre is moderately wounded.
The two-headed ogre hits you with a +0 giant club!!
You focus your inner power and illuminate the two-headed ogre in retribution!
The two-headed ogre completely misses you.
You claw the two-headed ogre!
The two-headed ogre is heavily wounded.
The two-headed ogre barely misses you.
The two-headed ogre completely misses you.
You claw the two-headed ogre!
The two-headed ogre is severely wounded.
Your primal bloodlust is almost over.
You scratch the two-headed ogre.
The two-headed ogre is severely wounded.
The two-headed ogre hits you with a +0 giant club!!
* * * LOW HITPOINT WARNING * * *
The two-headed ogre hits you with a +0 giant club!
You die...

##...............#
#...............#
##......>.......#
###...........##
####.............# ####
###................###..#
#..........######........
###....O#########†.......
##....@#........#####..
#............†## ##.
##.........###.# #.
#...........##.# ##
#...........##.# #
##..........###.#
#.........### #.##
#........## #..#
##......### #..#


You could see a two-headed ogre (corona).

Vanquished Creatures
  Erolcha (Orc:2)
  2 vault guards (Bailey)
  A boulder beetle (D:11)
  A death yak (D:9)
  A two-headed ogre (D:10)
  An orc high priest (D:11)
  Urug (D:11)
  Pikel (D:5)
  2 orc sorcerers
  Maurice (D:11)
  A gargoyle (D:10)
  A kobold demonologist (D:9)
  7 trolls
  Prince Ribbit (Bailey)
  A hornet (D:9)
  Sigmund (D:5)
  16 yaks
  4 shadows
  2 wraiths (D:11)
  6 humans (Bailey)
  2 steam dragons
  4 wargs
  Edmund (D:6)
  3 acid dragons
  2 water moccasins
  13 orc warriors
  7 ice beasts
  A sky beast (D:7)
  A black bear (D:4)
  5 centaurs
  4 ogres
  4 phantoms
  A kobold brigand (D:7)
  10 bullfrogs
  4 scorpions
  3 gnoll sergeants
  9 wights
  3 troll zombies (D:11)
  23 killer bees
  3 howler monkeys
  3 hounds
  A jelly (D:6)
  14 orc priests
  2 gnoll boudas
  4 iguanas
  21 orc wizards
  5 ogre zombies (D:11)
  Robin (D:2)
  10 adders
  25 gnolls
  2 shadow imps
  2 white imps
  2 dart slugs
  A worm (D:3)
  65 orcs
  8 bats
  10 endoplasms
  4 giant cockroaches
  11 goblins
  10 hobgoblins
  7 jackals
  6 quokkas
  5 ball pythons
  A goblin skeleton (D:11)
  A hobgoblin skeleton (D:11)
  3 hobgoblin zombies (D:11)
  14 kobolds
  2 orc skeletons (D:11)
  18 orc zombies (D:11)
  2 rats
415 creatures vanquished.

Vanquished Creatures (others)
  A gargoyle (D:12)
  An orc warrior (D:11)
  An orc wizard (Orc:1)
  An iguana (D:5)
  A goblin (Bailey)
  39 plants
44 creatures vanquished.

Grand Total: 459 creatures vanquished

Notes
Turn   | Place    | Note
-------+----------+-------------------------------------------
     0 | D:1      | juan097 the Felid Transmuter began the quest for the Orb.
     0 | D:1      | Reached XP level 1. HP: 9/9 MP: 4/4
   336 | D:1      | Found Tinok's Armour Emporium.
   360 | D:1      | Reached XP level 2. HP: 12/12 MP: 4/6
   363 | D:1      | Reached skill level 1 in Stealth
   555 | D:1      | Learned a level 2 spell: Wereblood
   579 | D:1      | Found a faded altar of an unknown god.
   860 | D:1      | Reached XP level 3. HP: 10/15 MP: 5/7
  1672 | D:2      | Noticed Robin
  1721 | D:2      | Killed Robin
  1732 | D:2      | Reached XP level 4. HP: 19/19 MP: 3/8
  2134 | D:3      | Reached skill level 4 in Unarmed Combat
  2526 | D:3      | Found a glowing silver altar of Zin.
  2664 | D:3      | Reached XP level 5. HP: 20/22 MP: 9/9
  2951 | D:4      | Found a shadowy altar of Dithmenos.
  3177 | D:4      | Noticed an ogre
  3267 | D:4      | Found a staircase to the Ecumenical Temple.
  3276 | Temple   | Entered the Ecumenical Temple
  3276 | Temple   | Found a transporter.
  3276 | Temple   | Found a transporter.
  3278 | Temple   | Found a transporter.
  3278 | Temple   | Found a transporter.
  3313 | Temple   | Became a worshipper of Ru the Awakened
  3478 | D:5      | Entered Level 5 of the Dungeon
  3619 | D:5      | Noticed Sigmund
  3684 | D:4      | Slain by an ogre
  3685 | D:4      | Reached XP level 4. HP: -4/20 MP: 8/8
  3712 | D:4      | Killed an ogre
  3713 | D:4      | Reached XP level 5. HP: 23/23 MP: 7/9
  3750 | D:5      | Found a white marble altar of Elyvilon.
  3750 | D:5      | Noticed a phantom
  3773 | D:6      | Noticed a phantom
  3792 | D:5      | Killed a phantom
  3793 | D:5      | Reached skill level 5 in Unarmed Combat
  3987 | D:4      | Gained mutation: You are covered in thick fur. (AC +2)
                  | [Felid growth]
  3987 | D:4      | Reached XP level 6. HP: 28/28 MP: 6/10
  4378 | D:5      | Found a hazy altar of Hepliaklqana.
  4559 | D:5      | Found an ancient bone altar of Kikubaaqudgha.
  4607 | D:4      | Reached skill level 5 in Stealth
  4607 | D:4      | Reached skill level 6 in Unarmed Combat
  4607 | D:4      | Reached XP level 7. HP: 19/31 MP: 11/11
  4732 | D:4      | Learned a level 3 spell: Spider Form
  4991 | D:6      | Found Fautisch's Vocational Training.
  5126 | D:5      | Reached skill level 1 in Poison Magic
  5211 | D:5      | Got A Tutorial on the Hermit's Heritage
  5266 | D:5      | Gained mutation: You are hated by all. [Ru sacrifice]
  5266 | D:5      | Reached * piety under Ru
  5468 | D:5      | Reached skill level 7 in Unarmed Combat
  5580 | D:5      | Killed Sigmund
  5581 | D:5      | Reached XP level 8. HP: 25/34 MP: 10/12
  6414 | D:6      | Reached skill level 8 in Unarmed Combat
  6454 | D:6      | Noticed Pikel
  6681 | D:5      | Killed Pikel
  6682 | D:5      | Reached skill level 1 in Evocations
  6687 | D:5      | Learned a level 4 spell: Ice Form
  6919 | D:6      | Reached XP level 9. HP: 38/38 MP: 13/13
  7132 | D:6      | Noticed Edmund
  7171 | D:6      | Killed Edmund
  7462 | D:6      | Reached skill level 5 in Dodging
  7462 | D:6      | Reached skill level 1 in Ice Magic
  7547 | D:6      | Found an iron altar of Okawaru.
  7550 | D:6      | Found a shimmering blue altar of Sif Muna.
  7552 | D:6      | Found a shimmering altar of Xom.
  8088 | D:6      | Mangled by a yak
  8089 | D:6      | Reached XP level 8. HP: -6/36 MP: 11/12
  8474 | D:7      | Reached XP level 9. HP: 39/39 MP: 11/13
 10130 | D:7      | Gained mutation: You are somewhat inexperienced. (-1 XL)
                  | [Ru sacrifice]
 10130 | D:7      | Reached XP level 8. HP: 36/36 MP: 12/12
 10130 | D:7      | Reached ** piety under Ru
 10130 | D:7      | Reached *** piety under Ru
 10192 | D:7      | Reached skill level 5 in Fighting
 10192 | D:7      | Reached skill level 9 in Unarmed Combat
 10540 | D:8      | Reached XP level 9. HP: 40/40 MP: 7/13
 10980 | D:8      | Found a bloodstained altar of Trog.
 11117 | D:8      | Found an ornate altar of the Wu Jian Council.
 11449 | D:9      | Identified a scroll of acquirement
 11458 | D:9      | Acquired the amulet "Otupliru" {Regen+ Str+2}
 11683 | D:9      | Found an opulent altar of Gozag.
 11706 | D:9      | Found a flagged portal.
 11739 | Bailey   | Entered a bailey
 11866 | Bailey   | Reached skill level 10 in Unarmed Combat
 11876 | Bailey   | Noticed Prince Ribbit
 11880 | Bailey   | Noticed a vault guard
 11886 | Bailey   | Killed a vault guard
 11914 | Bailey   | Killed Prince Ribbit
 11961 | Bailey   | Noticed a vault guard
 11977 | Bailey   | Killed a vault guard
 11978 | Bailey   | Reached XP level 10. HP: 45/45 MP: 14/14
 12614 | D:9      | Found a staircase to the Lair.
 12617 | D:9      | Learned a level 1 spell: Sting
 12625 | Lair:1   | Entered Level 1 of the Lair of Beasts
 12625 | Lair:1   | Noticed a death yak
 12625 | Lair:1   | Noticed a death yak
 12625 | Lair:1   | Noticed a death yak
 12760 | D:9      | Killed a death yak
 12819 | D:10     | Entered Level 10 of the Dungeon
 12833 | D:10     | Noticed a two-headed ogre
 12853 | D:10     | Reached skill level 5 in Evocations
 12928 | D:10     | Gained mutation: Your cowardice makes you less effective in
                  | combat with threatening foes. [Ru sacrifice]
 12928 | D:10     | Reached **** piety under Ru
 13121 | D:10     | Killed a two-headed ogre
 13150 | D:10     | Noticed Snorg
 13180 | D:10     | HP: 2/46 [Snorg (16)]
 13181 | D:10     | Mangled by Snorg
 13182 | D:10     | Reached XP level 9. HP: -11/42 MP: 14/15
 13255 | D:10     | Noticed an orc knight
 13256 | D:10     | Noticed a manticore
 13503 | D:10     | Reached skill level 5 in Ice Magic
 13522 | D:10     | Noticed a gargoyle
 13527 | D:10     | Killed a gargoyle
 13729 | D:11     | Noticed a boulder beetle
 13760 | D:11     | Noticed Urug
 13773 | D:11     | Killed Urug
 13822 | D:11     | Killed a boulder beetle
 13913 | D:11     | Reached XP level 10. HP: 47/47 MP: 13/17
 14064 | D:11     | Found a staircase to the Orcish Mines.
 14202 | D:11     | Noticed Maurice
 14233 | D:11     | Killed Maurice
 14528 | D:11     | Gained mutation: You are dopey. (Int -2) [Ru sacrifice]
 14768 | Orc:1    | Entered Level 1 of the Orcish Mines
 14772 | Orc:1    | Noticed an orc high priest
 14872 | Orc:1    | Noticed a sun demon
 14936 | D:11     | Reached skill level 10 in Dodging
 14982 | D:11     | Killed an orc high priest
 15033 | D:11     | Reached skill level 11 in Unarmed Combat
 15203 | Orc:1    | Found a shimmering blue altar of Sif Muna.
 15440 | Orc:2    | Entered Level 2 of the Orcish Mines
 15442 | Orc:2    | Found Detaun's Distillery.
 15482 | Orc:2    | Found Qehuf's Assorted Antiques.
 15572 | Orc:2    | Found a staircase to the Elven Halls.
 15581 | Orc:2    | Bought a potion of haste for 140 gold pieces
 15581 | Orc:2    | Bought a potion of might for 56 gold pieces
 15612 | Orc:2    | Bought a brown potion for 27 gold pieces
 15612 | Orc:2    | Bought a scroll labelled IKAGIN ARYZA for 30 gold pieces
 15615 | Orc:2    | Found Wuiwai Doto's Antique Weapon Emporium.
 15681 | Orc:2    | Noticed an orc sorcerer
 15698 | Orc:2    | Noticed an orc sorcerer
 15710 | Orc:2    | Paralysed by an orc sorcerer for 4 turns
 15720 | Orc:2    | Paralysed by an orc sorcerer for 5 turns
 15875 | Orc:1    | Killed an orc sorcerer
 15928 | Orc:2    | Noticed an orc sorcerer
 15976 | Orc:2    | Paralysed by an orc sorcerer for 3 turns
 15984 | Orc:2    | Killed an orc sorcerer
 16188 | Orc:2    | Found a runed translucent gate.
 16188 | Orc:2    | Found a runed translucent gate.
 16188 | Orc:2    | Found a runed translucent gate.
 16196 | Orc:2    | Noticed an orc knight
 16196 | Orc:2    | Noticed an orc knight
 16197 | Orc:2    | Noticed Xak's ghost (journeyman MiBe)
 16198 | Orc:2    | Identified the +1 plate armour "Dainaal" {rF+}
 16198 | Orc:2    | Identified the +0 tower shield of Eternity {Rampage rPois
                  | Int+3}
 16198 | Orc:2    | Noticed an orc warlord
 16200 | Orc:2    | Noticed an orc knight
 16201 | Orc:2    | Noticed an orc knight
 16212 | Orc:2    | Gained mutation: You are somewhat unskilled. (-1 Apt) [Ru
                  | sacrifice]
 16212 | Orc:2    | Reduced skill Unarmed Combat to level 10
 16212 | Orc:2    | Reached ***** piety under Ru
 16250 | Orc:2    | Noticed Erolcha
 16261 | Orc:2    | Killed Erolcha
 16548 | D:12     | Noticed a two-headed ogre
 16745 | D:11     | Mangled by a two-headed ogre

Illustrated notes

Levels and vault maps discovered:
D:1:      ebering_hopf_link, layout_basic, chequers_ecumenical_altar_grove,
          serial_shops, nicolae_diamond_shop, minmay_split_cup_small
D:2:      layout_loops_corners, uniq_robin
D:3:      layout_rooms, zin_scriptorium, minmay_surrounded
D:4:      layout_basic, grunt_dithmenos_smoke,
          minmay_temple_entry_gardened_gates, nzn_random_ring
D:5:      layout_gridville, nicolae_kikubaaqudgha_miasma_corner,
          nicolae_elyvilon_temple_path, lemuel_round_altar, serial_bayou,
          serial_bayou_pond_b, serial_bayou_lake_a, serial_bayou_pond_d,
          serial_bayou_pond_d, uniq_sigmund
D:6:      layout_basic, grunt_temple_overflow_diamond, nicolae_shop_vocational,
          uniq_pikel, uniq_edmund
D:7:      layout_rooms, nicolae_benzene_ring, minmay_liquid_box,
          minmay_strange_pillars, chequers_hall_statues_y,
          mrwooster_statue_mirror
D:8:      layout_basic, mainiacjoe_overflow_brackets,
          mainiacjoe_overflow_surrounded_room, serial_glass, glass_columns_a,
          glass_columns_a, glass_columns_a, glass_columns_b, item_on_display_a,
          kennysheep_generic_room_14
D:9:      layout_roguey, grunt_gozag_statues, lair_entry_dummy, enter_bailey_2
D:10:     layout_roguey, grunt_decor_junction, lightli_corner_chamber,
          uniq_snorg
D:11:     layout_cave_pods, zombieorc2_lemuel, uniq_urug, uniq_maurice
D:12:     layout_big_octagon, portal_ice_cave_rime, uniq_rupert, uniq_fannar,
          uniq_psyche, uniq_sonja
Temple:   hellmonk_temple_divided_pantheon
Lair:1:   layout_long_grid, basic_altar, chequers_serial_rivers_micro_c
Orc:1:    layout_diamond_mine, kennysheep_orc_sif_temple
Orc:2:    kennysheep_orc_mage_school, layout_caves, serial_shops, shop, shop,
          nicolae_shop_tiny_statue_garden, biasface_ghost_orc_armoury,
          mines2_david, uniq_erolcha

Skill      XL: |  1  2  3  4  5  6  7  8  9 10 |
---------------+-------------------------------+-----
Dodging        | 3 4 8 9 |  9.9
Stealth        | 1 2 4 5 6 7 8 7 |  7.2
Fighting       | 2 3 5 7 |  7.4
Unarmed Combat | 4 5 6 7 9 10 10 | 10.4
Transmutations | 3 4 6 9 9 |  9.1
Poison Magic   | 2 3 2 |  2.6
Evocations     | 3 4 4 |  4.5
Ice Magic      | 2 5 |  5.4
Spellcasting   | 4 3 |  4.6

Action                     |  1- 3 |  4- 6 |  7- 9 | 10-12 || total
---------------------------+-------+-------+-------+-------++-------
  Melee: Unarmed           |   124 |   192 |   729 |   561 ||  1606
         Headbutt          |    20 |     9 |   130 |    38 ||   197
         Bite              |    16 |    18 |   114 |    72 ||   220
         Punch             |     5 |     5 |    45 |    46 ||   101
   Cast: Beastly Appendage |    30 |    16 |    56 |     6 ||   108
         Wereblood         |     2 |     8 |    39 |    30 ||    79
         Ice Form          |       |       |     4 |     3 ||     7
         Spider Form       |       |       |     1 |       ||     1
         Sting             |       |       |     9 |    36 ||    45
 Invoke: Sacrifice Love    |       |       |     1 |       ||     1
         Sacrifice Experie |       |       |     1 |       ||     1
         Draw Out Power    |       |       |     2 |     1 ||     3
         Sacrifice Purity  |       |       |       |     1 ||     1
         Sacrifice Courage |       |       |       |     1 ||     1
         Sacrifice Skill   |       |       |       |     1 ||     1
  Evoke: Wand              |       |       |    20 |     3 ||    23
         Phial of floods   |       |       |       |     2 ||     2
    Use: Scroll            |       |       |    12 |     3 ||    15
   Stab: Sleeping          |     2 |     5 |    11 |    11 ||    29
         Distracted        |       |     2 |     3 |     6 ||    11
         Invisible         |       |       |     1 |     7 ||     8
 Armour: Skin              |     5 |     9 |    30 |    58 ||   102
  Dodge: Dodged            |    63 |   101 |   499 |   595 ||  1258
  Block: Other             |    14 |    36 |    84 |       ||   134
         Reflection        |       |       |     5 |       ||     5

Table legend: (Time is in decaauts)
 A = Elapsed time spent in this place.
 B = Non-inter-level travel time spent in this place.
 C = Inter-level travel time spent in this place.
 D = Time resting spent in this place.
 E = Time spent auto-exploring this place.
 F = Levels seen in this place.
 G = Mean time per level.
                   A        B        C        D        E       F      G
               +--------+--------+--------+--------+--------+-----+--------+
         Total |  14491 |  13207 |   1284 |    279 |   7907 |  17 |  852.4 |
       Dungeon |  12963 |  11831 |   1132 |    179 |   7339 |  12 | 1080.2 |
        Temple |     42 |     26 |     16 |      0 |      8 |   1 |   42.0 |
          Lair |      3 |      3 |      0 |      0 |      0 |   1 |    3.0 |
  Orcish Mines |   1239 |   1104 |    135 |    100 |    500 |   2 |  619.5 |
        Bailey |    242 |    242 |      0 |      0 |     59 |   1 |  242.0 |
               +--------+--------+--------+--------+--------+-----+--------+

Top non-repeatable levels by time:
     D:5: 2337 daAuts
     D:6: 1833 daAuts
    D:11: 1264 daAuts
     D:7: 1146 daAuts
     D:4: 1142 daAuts
     D:2: 1054 daAuts
     D:8: 1023 daAuts
     D:9: 973 daAuts
     D:1: 857 daAuts
    D:10: 696 daAuts
   Orc:1: 661 daAuts
   Orc:2: 577 daAuts
     D:3: 549 daAuts
  Bailey: 242 daAuts
    D:12: 85 daAuts
